 Dungeon Crawl Stone Soup version 0.16.1-16-gc44b35d (webtiles) character file.

54 jacksonaction the Changer (level 3, -16/23 HPs)
             Began as an Octopode Transmuter on Apr 20, 2015.
             Killed by divine providence
             ... invoked by an orc priest
              (17 damage)
             ... on level 3 of the Dungeon.
             The game lasted 00:08:09 (2534 turns).

jacksonaction the Changer (Octopode Transmuter)     Turns: 2534, Time: 00:08:09

Health: -16/23     AC:  2    Str:  9    XL:     3   Next: 91%
Magic:  2/6        EV: 19    Int: 16    God:
Gold:   117        SH:  0    Dex: 17    Spells: 2 memorised, 2 levels left

rFire  . . .     SeeInvis .       - Unarmed
rCold  . . .     Clarity  .     (shield currently unavailable)
rNeg   . . .     SustAb   .     (helmet currently unavailable)
rPois  x         Gourm    .     (no amulet)
rElec  .         Spirit   .     (no ring)
rCorr  .         Warding  .     (no ring)
rMut   .         Stasis   .     (no ring)
MR     .....                    (no ring)
Stlth  ++........               (no ring)
                                (no ring)
                                (no ring)
                                (no ring)

@: spider-form (expiring), not resistant to hostile enchantments, unstealthy
A: almost no armour, amphibious, 8 rings, (constrict 8), (camouflage 0),
(gelatinous body 0)
a: End Transformation


You were on level 3 of the Dungeon.
You were not hungry.
You were a venomous arachnid creature.
You visited 1 branch of the dungeon, and saw 3 of its levels.

You collected 117 gold pieces.

Inventory:

Missiles
 c - 51 stones (quivered)
Jewellery
 h - an uncursed ring of invisibility {unknown}
 k - an uncursed ring of sustain abilities {unknown}
Scrolls
 b - 2 scrolls of identify {unknown}
 e - 2 scrolls of enchant armour {unknown}
 g - a scroll of noise {unknown}
Potions
 f - a potion of might {unknown}
 i - 5 potions of curing {unknown}
 j - a potion of invisibility {unknown}
Books
 d - a book of Changes

   Spells                             Type                      Level
   a - Beastly Appendage              Transmutation                1
   b - Sticks to Snakes               Transmutation                2
   c - Spider Form                    Transmutation/Poison         3
   d - Ice Form                       Ice/Transmutation            4
   e - Blade Hands                    Transmutation                5
Comestibles
 a - 2 bread rations
 l - a chunk of flesh
 m - a meat ration


   Skills:
 - Level 1.0 Fighting
 - Level 2.0 Dodging
 - Level 3.0 Unarmed Combat
 - Level 2.0 Spellcasting
 + Level 4.0 Transmutations
 + Level 0.5 Poison Magic


You had 2 spell levels left.
You knew the following spells:

 Your Spells              Type           Power        Failure   Level  Hunger
a - Beastly Appendage     Trmt           ##....       14%         1    #......
b - Spider Form           Trmt/Pois      #.........   50%         3    ###....


Dungeon Overview and Level Annotations

Branches:
Dungeon (3/15)

Altars:
Yredelemnul


Innate Abilities, Weirdness & Mutations

You cannot wear most types of armour.
You are amphibious.
You can wear up to eight rings at the same time.
((You can use your tentacles to constrict many enemies at once.))
((Your skin changes colour to match your surroundings (Stealth).))
((Your rubbery body absorbs attacks (AC +1).))


Message History

The orc shouts! x2
You hit the orc priest but do no damage.
The orc priest is poisoned.
The orc priest invokes the aid of Beogh against you.
Pain shoots through your body!
Ouch! That really hurt!
The kobold completely misses you. The orc priest completely misses you.
The orc priest hits you but does no damage.
The orc priest calls down the wrath of Beogh upon you.
Something smites you!
* * * LOW HITPOINT WARNING * * *
You closely miss the kobold. The kobold completely misses you.
You hit the kobold.
The kobold is poisoned.
The kobold is almost dead.
You kill the kobold!
Your transformation is almost over.
The orc priest calls down the wrath of Beogh upon you.
Something smites you!
Ouch! That really hurt!
You die...

#.#.#.......<..#
#.........#..#.#
#.........#..# #
###.#.....o#(.#..#
...........#..#..# #
.....r.o..o#..#..#.#
......o##)#..#..#.#
......o#..........#
.......#.s..#...###.#
.....o#....#.......#
.....#....#...###.#
########...#..######.#
.........).#..........
......###..#.........#
.....####.#.(########
.........>....#
.....####.......#


You could see 2 orc priests.

Vanquished Creatures
  2 worms (D:2)
  An adder (D:2)
  2 giant geckos
  An ooze (D:1)
  5 bats
  2 giant cockroaches (D:1)
  2 gnoll zombies (D:2)
  A goblin (D:2)
  2 hobgoblins (D:1)
  A quokka (D:2)
  4 giant newts
  5 kobolds
  6 rats
34 creatures vanquished.

Notes
Turn   | Place    | Note
--------------------------------------------------------------
     0 | D:1      | jacksonaction, the Octopode Transmuter, began the quest for the Orb.
     0 | D:1      | Reached XP level 1. HP: 13/13 MP: 3/3
     0 | D:1      | Noticed an elf
     1 | D:1      | Noticed a spriggan
     1 | D:1      | Noticed an octopode
     3 | D:1      | Noticed a centaur
     5 | D:1      | Noticed a felid
     6 | D:1      | Noticed a ghoul
     8 | D:1      | Noticed a draconian
    10 | D:1      | Noticed an octopode
    13 | D:1      | Noticed a vine stalker
    14 | D:1      | Noticed a centaur
    16 | D:1      | Noticed a dwarf
    16 | D:1      | Noticed a draconian
    16 | D:1      | Noticed a minotaur
    18 | D:1      | Noticed a draconian
    19 | D:1      | Noticed an elf
   320 | D:1      | Reached XP level 2. HP: 5/18 MP: 2/4
  1456 | D:2      | Reached XP level 3. HP: 23/23 MP: 4/6
  1473 | D:2      | Learned a level 3 spell: Spider Form
  2291 | D:2      | Found a basalt altar of Yredelemnul.
  2511 | D:3      | Reached skill level 4 in Transmutations
  2530 | D:3      | HP: 1/23 [orc priest/divine providence (8)]
  2534 | D:3      | Killed from afar by an orc priest

Action                   || total
-------------------------++-------
Melee: Unarmed           ||    93
Throw: Stone             ||    16
 Cast: Beastly Appendage ||     9
       Spider Form       ||     5
 Stab: Sleeping          ||     1
  Eat: Chunk             ||     3
       Bread ration      ||     1
